montu, chaotic male human Wizard # -----.- ---------- ------- |......########..<..[...| |.*....* |.....| #|......... |.....|# |......########|........| |.....|# -.--.-- #|.*......| -.-----# # ### ##.........| # # # ##-----.---- # # ### ########################*#### # ## # # # ## ## ### # # --------.---# # --.---- ### |..........|# ----|- |...... # |..........| |^.... |......| ### |.......)..| |..... |......| #+ ------------ |**. |.......##### |@.. |......| #+ --- -------- montu the Enchanter Experience level: 15 Strength: 21 Dexterity: 15 Constitution: 18 Intelligence: 18 Wisdom: 18 Charisma: 11 Health: 123(151) Energy: 185(188) Def: 11 Gold: 991 Moves: 30895 Dungeon seed: o1XCBDbbLB-DYbiI Game ID: montu_1709199859 Your Inventory: Coins $ - 991 gold pieces Amulets a - the blessed Eye of the Aethiopica (being worn) Weapons L - the blessed fireproof +5 Magicbane Armor d - an uncursed greased thoroughly burnt +0 pair of leather gloves of stealth (being worn) h - an uncursed +0 silver dragon scale mail (being worn) r - an uncursed +0 T-shirt (being worn) V - an uncursed greased fireproof +1 pair of speed boots (being worn) W - an uncursed greased thoroughly burnt +0 cloak of magic resistance (being worn) Y - an uncursed greased thoroughly burnt +0 elven leather helm (being worn) Comestibles I - an uncursed cockatrice corpse (weapon in hand) Rings c - an uncursed ring of teleport control (on right hand) q - an uncursed ring of conflict (on left hand) z - a blessed +2 ring of gain strength U - a cursed -3 ring of gain constitution Wands i - an uncursed wand of slow monster (0:6) x - an uncursed wand of sleep (0:2) C - an uncursed wand of digging (0:3) D - an uncursed wand of teleportation (0:3) F - a blessed wand of cold (0:8) H - an uncursed wand of fire (0:2) M - an uncursed wand of slow monster (0:6) O - an uncursed wand of summoning (0:4) P - an uncursed wand of sleep (0:5) Q - an uncursed wand of lightning (0:4) Z - an uncursed rusty wand of locking (0:8) Tools b - a blessed greased bag of holding k - an uncursed lock pick l - an uncursed towel o - the uncursed Bell of Opening (0:3) t - an uncursed towel u - an uncursed +0 unicorn horn of lightning w - an uncursed magic whistle J - an uncursed can of grease (0:4) K - an uncursed pair of lenses S - an uncursed tinning kit (0:40) Gems R - 2 uncursed luckstones Contents of the bag of holding: 24407 gold pieces an uncursed amulet of magical breathing an uncursed +0 elven bow of searching an uncursed +0 short sword of fire and lightning an uncursed -1 alchemy smock an uncursed +0 mummy wrapping of drain resistance an uncursed +1 oilskin cloak an uncursed +0 pair of leather gloves of brilliance an uncursed food ration an uncursed lizard corpse 6 uncursed lumps of royal jelly an uncursed tin of Medusa meat an uncursed tin of nurse meat 2 uncursed scrolls of charging 7 uncursed scrolls of earth 2 uncursed scrolls of enchant armor a blessed scroll of enchant weapon 14 uncursed scrolls of enchant weapon an uncursed scroll of genocide an uncursed scroll of gold detection 6 uncursed scrolls of magic mapping a blessed scroll of recall 6 uncursed scrolls of recall 4 uncursed scrolls of remove curse an uncursed scroll of scare monster 2 uncursed scrolls of stinking cloud an uncursed scroll of summoning 11 uncursed scrolls of teleportation 3 cursed scrolls of teleportation an uncursed potion of full healing an uncursed potion of gain ability an uncursed potion of gain energy 6 uncursed potions of healing 2 potions of holy water an uncursed potion of object detection 2 uncursed potions of restore ability a potion of unholy water 4 uncursed potions of water an uncursed ring of fire immunity an uncursed ring of free action an uncursed +1 ring of gain constitution an uncursed ring of hunger an uncursed +1 ring of increase damage an uncursed ring of levitation an uncursed ring of polymorph an uncursed ring of polymorph control a blessed +1 ring of searching an uncursed ring of shock immunity an uncursed ring of teleport control an uncursed ring of warning an uncursed wand of digging (0:5) an uncursed wand of fire (0:6) an uncursed wand of light (0:13) an uncursed wand of make invisible (0:2) an uncursed wand of sleep (0:5) an uncursed wand of sleep (0:4) an uncursed wand of striking (0:6) an uncursed wand of striking (0:6) an uncursed wand of summoning (0:4) an uncursed wand of teleportation (0:7) an uncursed wand of teleportation (0:4) an uncursed wand of teleportation (0:3) an uncursed credit card an uncursed +0 grappling hook an uncursed leather drum an uncursed magic marker (0:83) an uncursed mirror an uncursed +0 pick-axe of warning an uncursed stethoscope an uncursed tin opener an uncursed +0 unicorn horn an uncursed +0 unicorn horn an uncursed +0 unicorn horn an uncursed +0 unicorn horn an uncursed +0 unicorn horn an uncursed +0 unicorn horn an uncursed +0 unicorn horn an uncursed agate stone 5 uncursed amber stones 5 uncursed amethyst stones 2 uncursed chrysoberyl stones an uncursed citrine stone 3 uncursed diamonds 3 uncursed emeralds an uncursed flint stone 4 uncursed garnet stones 4 uncursed jasper stones an uncursed jet stone 5 uncursed obsidian stones 6 uncursed opals 2 uncursed rubies an uncursed sapphire 3 uncursed topaz stones an uncursed touchstone Spells and supernatural/magical abilities: Name Level Category Cost Memory a - force bolt 1 attack 5pw 49% c - cause fear 3 enchantment 18pw 94% e - charm monster 3 enchantment 18pw 62% f - fireball 4 attack 20pw 94% h - healing 1 healing 6pw 86% j - jumping 1 escape 12pw 79% k - knock 1 matter 12pw 85% l - light 1 divination 5pw 77% m - magic missile 2 attack 10pw 49% n - detect monsters 1 divination 5pw 77% o - cone of cold 4 attack 20pw 59% p - protection 1 clerical 6pw 62% r - remove curse 3 clerical 18pw 67% v - clairvoyance 3 divination 15pw 54% x - extra healing 3 healing 18pw 67% z - sleep 1 enchantment 6pw 85% D - drain life 2 attack 10pw 49% H - speed monster 3 escape 37pw 49% I - identify 2 divination 10pw 77% K - cure sickness 3 healing 18pw 96% M - magic mapping 5 divination 27pw 67% O - summoning 2 clerical 12pw 75% R - restore ability 4 healing 25pw 54% V - teleportitis -- ability ? -- W - pray for help -- divine ? -- Your skills at the end: Fighting Skills wands [Skilled] Weapon Skills quarterstaff [Basic] Spellcasting Skills attack spells [Expert] healing spells [Skilled] divination spells [Expert] enchantment spells [Skilled] clerical spells [Skilled] Final Attributes: You were piously aligned. You were cold resistant. You were sleep resistant. You were poison resistant. You were magic resistant. You had woundedlegs. You saw invisible. You were strongly telepathic. You were warned. You were invisible. You were stealthy. You were conflicting. You could teleport at will. You had teleport control. You were very fast. You had reflection. You were lucky. You had extra luck. Bad luck did not time out for you. Good luck did not time out for you. You last prayed 755 turns ago. Anhur was very pleased with you. You are dead. Vanquished creatures: Medusa a titan a gray dragon a silver dragon The Dark One a demilich a master mind flayer a hell hound a trapper a baby yellow dragon a shopkeeper a captain a clay golem a nurse an ettin 2 black puddings a vampire 2 ghosts 2 lieutenants a watch captain 2 wizards a queen bee 3 winged gargoyles a mind flayer 3 giant mimics 2 zruties 6 fire giants an ogre king an umber hulk 4 large mimics a long worm 4 stalkers an earth elemental a water elemental a giant zombie 12 sergeants a warg a small mimic a warhorse 7 xans 6 ettin mummies an ogre lord 2 quantum mechanics a troll 3 sasquatches 2 wood golems 4 gelatinous cubes a pyrolisk 5 freezing spheres 4 flaming spheres a shocking sphere 4 large cats 3 tigers 3 gargoyles 2 dwarf kings 13 tengu 2 ochre jellies 2 energy vortices a mountain centaur 6 stone giants 3 elf mummies 2 human mummies 2 pit vipers 2 cobras 3 wraiths 3 carnivorous apes a leather golem 54 soldiers 3 watchmen an incubus 4 chameleons 4 crocodiles 3 giant beetles a quivering blob 9 cockatrices 4 wolves 6 winter wolf cubs a lynx 4 panthers a gremlin 2 spotted jellies 91 leprechauns 2 iron piercers a mumak 6 giant spiders 3 scorpions 6 horses 2 ice vortices a black light 70 vampire bats 4 gnome kings 2 orc mummies 7 dwarf mummies a brown pudding 2 rust monsters 4 owlbears a yeti 2 gold golems a werewolf 2 Green-elves 7 piranhas 2 giant eels 8 lizards 2 apprentices 6 chickatrices 2 dogs 4 dingos 4 housecats 3 jaguars 6 dwarf lords 4 blue jellies 5 white unicorns 2 gray unicorns a black unicorn a dust vortex 4 ravens a plains centaur 5 Kop Kaptains 3 gnome mummies 5 snakes 3 apes 12 human zombies 6 rope golems 6 Woodland-elves 2 soldier ants a fire ant a bugbear 8 imps 6 quasits 3 wood nymphs 4 water nymphs 5 mountain nymphs 18 Mordor orcs 10 Uruk-hai 2 orc shamans 9 rock piercers 4 rock moles 2 ponies 6 fog clouds 10 yellow lights 3 violet fungi 15 gnome lords 5 gnomish wizards 2 Kop Lieutenants 2 kobold mummies a red naga hatchling 2 golden naga hatchlings a guardian naga hatchling a gray ooze 2 barrow wights 3 elf zombies 10 ghouls 2 straw golems 4 paper golems 3 jellyfish a baby crocodile 11 giant ants 2 little dogs 10 floating eyes 6 kittens 22 dwarves 7 homunculi 4 kobold shamans 25 hill orcs 15 rothes 6 rabid rats 2 centipedes 7 giant bats 9 Kop Sergeants a monkey 8 orc zombies 6 dwarf zombies 2 wererats 9 iguanas 70 killer bees 19 coyotes 7 gas spores 8 hobbits 18 manes 4 large kobolds 4 hobgoblins 14 giant rats 9 cave spiders 3 brown molds 5 yellow molds 2 green molds 2 red molds 53 gnomes 29 Keystone Kops 23 garter snakes 8 gnome zombies 8 geckos 9 jackals 8 foxes 2 goblins 8 sewer rats 14 grid bugs 10 bats 7 lichens 4 kobold zombies 10 newts 1224 creatures vanquished. Genocided species: xorns 1 species genocided. Voluntary challenges: You had been an atheist until turn 3235. You used a wielded weapon 1551 times, starting on turn 127. You read items or engraved 139 times, starting on turn 2689. You genocided 1 type of monster, starting on turn 25561. You polymorphed 100 items, starting on turn 28747. You never changed form. You used no wishes. You never split a pudding. You wrote Elbereth's name 4 times, starting on turn 3232. You violated your moral code, losing 705 points of alignment, starting on turn 3367. Dungeon overview: The Dungeons of Doom: levels 1 to 27 Level 1 a long staircase Level 2 Level 3 a general store, some fountains Level 4 a vault stairs to The Gnomish Mines Level 5 a fountain, a vault Level 6 many fountains Level 7 an altar to Thoth, a fountain stairs to Sokoban Level 8 a general store, an altar to Thoth Level 9 a fountain, a vault Level 10 a general store, a fountain Level 11 a fountain Level 12 portal to The Quest Level 13 an altar to Anhur Level 14 a fountain Level 15 Level 16 Level 17 Level 18 Level 19 a fountain Level 20 Level 21 a fountain, a vault Level 22 a fountain Level 23 a vault Level 24 a temple to Anhur, a fountain, a vault Level 25 Level 26 Level 27 <- You were here a vault The Gnomish Mines: levels 5 to 13 Level 5 stairs to The Dungeons of Doom Level 6 Level 7 many shops, a temple to Anhur, some fountains Level 8 Level 9 Level 10 Level 11 Level 12 Level 13 some fountains The Quest: levels 1 to 6 Level 1 a throne portal to The Dungeons of Doom Level 2 Level 3 Level 4 Level 5 Level 6 a temple to Ptah Sokoban: levels 3 to 6 Level 3 Solved Level 4 Solved Level 5 Solved Level 6 Solved stairs to The Dungeons of Doom History has recorded: On T:1 you entered the Dungeons of Doom to retrieve the Amulet of Yendor! On T:369 you reached level 2 of The Dungeons of Doom. On T:636 you advanced to experience level 2. On T:867 you reached level 3 of The Dungeons of Doom. On T:1285 you advanced to experience level 3. On T:1342 you reached level 4 of The Dungeons of Doom. On T:1986 you reached level 5 of The Dungeons of Doom. On T:2084 you advanced to experience level 4. On T:2561 you reached level 6 of The Dungeons of Doom. On T:2666 you advanced to experience level 5. On T:3214 you reached level 7 of The Dungeons of Doom. On T:3686 you advanced to experience level 6. On T:3781 you reached level 4 of Sokoban. On T:4175 you reached level 3 of Sokoban. On T:4729 you advanced to experience level 7. On T:4814 you reached level 2 of Sokoban. On T:5447 you reached level 1 of Sokoban. On T:6712 you advanced to experience level 8. On T:7066 you reached level 8 of The Dungeons of Doom. On T:8062 you reached level 9 of The Dungeons of Doom. On T:8255 you advanced to experience level 9. On T:8701 you reached level 10 of The Dungeons of Doom. On T:8987 you reached level 11 of The Dungeons of Doom. On T:9593 you reached level 1 of The Gnomish Mines. On T:9959 you reached level 2 of The Gnomish Mines. On T:10322 you reached level 3 of The Gnomish Mines. On T:11991 you reached level 4 of The Gnomish Mines. On T:12094 you advanced to experience level 10. On T:13166 you reached level 5 of The Gnomish Mines. On T:14187 you reached level 6 of The Gnomish Mines. On T:15353 you received Magicbane from Anhur. On T:15737 you reached level 7 of The Gnomish Mines. On T:16195 you reached level 8 of The Gnomish Mines. On T:16366 you reached level 9 of The Gnomish Mines. On T:18863 you reached level 12 of The Dungeons of Doom. On T:19186 you reached level 13 of The Dungeons of Doom. On T:19476 you reached level 14 of The Dungeons of Doom. On T:19964 you advanced to experience level 11. On T:20991 you reached level 15 of The Dungeons of Doom. On T:21622 you reached level 16 of The Dungeons of Doom. On T:22748 you reached level 17 of The Dungeons of Doom. On T:22774 you reached level 18 of The Dungeons of Doom. On T:23074 you reached level 19 of The Dungeons of Doom. On T:23655 you advanced to experience level 12. On T:23758 you reached level 21 of The Dungeons of Doom. On T:23908 you reached level 22 of The Dungeons of Doom. On T:24173 you reached level 23 of The Dungeons of Doom. On T:24299 you advanced to experience level 13. On T:24474 you reached level 24 of The Dungeons of Doom. On T:24942 you reached level 25 of The Dungeons of Doom. On T:25193 you reached level 26 of The Dungeons of Doom. On T:25561 you genocided xorns. On T:26203 you reached level 1 of The Quest. On T:26211 you advanced to experience level 14. On T:26408 you embarked upon an epic quest. On T:26419 you reached level 2 of The Quest. On T:26647 you reached level 3 of The Quest. On T:27227 you reached level 4 of The Quest. On T:27482 you reached level 5 of The Quest. On T:27790 you reached level 6 of The Quest. On T:28231 you killed Dark One on level 6 of The Quest. On T:28542 you completed the quest! On T:29437 you advanced to experience level 15. On T:30567 you reached level 27 of The Dungeons of Doom. On T:30570 you killed Medusa on level 27 of The Dungeons of Doom. Score breakdown: Gold: 25398 (14983 points) Experience: 15 levels (20844 points) Exploration: 27 levels ( 54.00%) (21852 points) Discoveries: 168 items ( 56.38%) (22525 points) Valuables value: (no points given unless you survive) Artifact value: 12500 (13936 points) Variety of kills: 201 monsters ( 52.89%) (21818 points) Turncount: 30895 turns (-4045 points) Survival: died (score multiplied by 80%) Total score: 89530 Latest messages: Your movements are slowed slightly because of your load. You escape a pit. Nothing happens. Nothing happens. Nothing happens. Nothing happens. Nothing happens. You see here a statue of a leprechaun. You have a little trouble lifting $ - 516 gold pieces. You see here 52 rocks. You have a little trouble lifting $ - 475 gold pieces. You see here 23 rocks. KAABLAMM!!! You triggered a land mine! You fall into a pit! Falling, you touch the cockatrice corpse. You turn to stone... Final status: Goodbye montu the Wizard, petrified by falling into a pit while wielding a cockatrice corpse... You turned to stone in The Dungeons of Doom on dungeon level 27 with 89530 points, and 25398 pieces of gold, after 30895 moves. You were level 15 with a maximum of 151 hit points when you turned to stone.